[Event "Titled Tuesday Blitz October 31 Early 2023"]
[White "Mirzanurov, Bulat"]
[Black "Martins, Bruno Andre Leite"]
[WhiteFideId "4184521"]
[BlackFideId "1942255"]
[WhiteElo "2187"]
[BlackElo "2475"]
[Result "0-1"]
[Round "2"]
[TimeControl "180+1"]
[Date "2023.10.31"]
[WhiteClock "0:00:00"]
[BlackClock "0:01:24"]
[Board "170"]

1. e4 Nc6 2. d4 e5 3. d5 Nce7 4. c4 Ng6 5. g3 Bc5 6. Bg2 Nf6 7. Ne2 d6 8. Nbc3 h5 9. b4 Bb6 10. h3 h4 11. g4 Bxg4 12. hxg4 Nxg4 13. c5 dxc5 14. f3 cxb4 15. fxg4 bxc3 16. Qa4+ Kf8 17. Nxc3 h3 18. Bf3 Qh4+ 19. Kd1 Qf2 20. Qa3+ Bc5 0-1


[Site "https://www.chess.com"]

[Event "Titled Tuesday Blitz October 31 Early 2023"]
[White "Rangel, Daniel"]
[Black "Rodriguez Dominguez, Melissa"]
[WhiteFideId "2124475"]
[BlackFideId "3517560"]
[WhiteElo "2474"]
[BlackElo "2183"]
[Result "0-1"]
[Round "2"]
[TimeControl "180+1"]
[Date "2023.10.31"]
[WhiteClock "0:00:13"]
[BlackClock "0:00:14"]
[Board "171"]

1. d4 d5 2. c4 c6 3. Nc3 Nf6 4. cxd5 cxd5 5. Bf4 Nc6 6. e3 a6 7. Nf3 e6 8. Bd3 Bd6 9. Ne5 O-O 10. g4 Bxe5 11. dxe5 Nd7 12. Qb1 g6 13. Bh6 Re8 14. f4 Qh4+ 15. Ke2 Qxh6 16. h4 Ndxe5 17. fxe5 Nxe5 18. Bc2 Nxg4 19. Qg1 Qh5 20. Kd2 f5 21. Rf1 b5 22. Bd1 b4 23. Ne2 e5 24. Ng3 Qh6 25. h5 d4 26. Bxg4 Qxe3+ 27. Qxe3 dxe3+ 28. Kxe3 fxg4 29. hxg6 hxg6 30. Ne4 Bf5 31. Nf6+ Kg7 32. Nxe8+ Rxe8 33. Rc1 Rd8 34. Rc7+ Kf6 35. Rc6+ Kg5 36. Rxa6 Rd3+ 37. Ke2 Rg3 38. Kf2 Rf3+ 39. Ke2 Bd3+ 40. Kd2 Bxa6 41. Re1 Kf4 42. Rc1 e4 43. Rc6 Bd3 44. Rf6+ Kg3 45. Rxg6 Bf1 46. a3 Rd3+ 47. Ke1 Bg2 48. axb4 Bf3 49. Rd6 Rxd6 50. Kf1 Rd1# 0-1


[Site "https://www.chess.com"]

[Event "Titled Tuesday Blitz October 31 Early 2023"]
[White "Kunin, Vitaly"]
[Black "Floresvillar Gonzalez, Luis Migu"]
[WhiteFideId "4128737"]
[BlackFideId "5100542"]
[WhiteElo "2472"]
[BlackElo "2181"]
[Result "1-0"]
[Round "2"]
[TimeControl "180+1"]
[Date "2023.10.31"]
[WhiteClock "0:00:51"]
[BlackClock "0:01:14"]
[Board "172"]

1. e4 c6 2. Nf3 d5 3. exd5 cxd5 4. d4 Bg4 5. h3 Bxf3 6. Bb5+ Nc6 7. Qxf3 Qa5+ 8. Nc3 Nf6 9. Bd2 e6 10. Nxd5 Qxd2+ 11. Kxd2 Nxd5 12. Bxc6+ bxc6 13. c4 Bb4+ 14. Kc2 Ne7 15. Qb3 Bd6 16. c5 Rb8 17. cxd6 Rxb3 18. axb3 Nd5 19. Rxa7 O-O 20. Rha1 g6 21. Ra8 Nb6 22. Rxf8+ Kxf8 23. Ra6 Nd7 24. Ra8+ 1-0


[Site "https://www.chess.com"]

[Event "Titled Tuesday Blitz October 31 Early 2023"]
[White "Joshi, Pankaj"]
[Black "kuanysh1981"]
[WhiteFideId "5006210"]
[WhiteElo "2179"]
[BlackElo "2472"]
[Result "1/2-1/2"]
[Round "2"]
[TimeControl "180+1"]
[Date "2023.10.31"]
[WhiteClock "0:00:09"]
[BlackClock "0:00:45"]
[Board "173"]

1. e4 e5 2. Nf3 Nc6 3. Bc4 Be7 4. O-O Nf6 5. d3 O-O 6. a3 d6 7. Nbd2 h6 8. Re1 Be6 9. c3 Qd7 10. Bxe6 fxe6 11. h3 Nh5 12. Kh2 Nf4 13. d4 exd4 14. cxd4 e5 15. dxe5 Nxe5 16. Nxe5 dxe5 17. Nf3 Qe6 18. Bxf4 Rxf4 19. Qd5 Qxd5 20. exd5 Bd6 21. Kg1 Raf8 22. Re2 Bc5 23. Rxe5 Rc4 24. Rae1 Rc2 25. R5e2 Rc4 26. Nd2 Rd4 27. Nb3 Rxd5 28. Nxc5 Rxc5 29. Rd1 Rf7 30. g3 a5 31. Kg2 Rb5 32. Rd4 Kh7 33. h4 b6 34. Red2 Rb3 35. Rd7 Rxd7 36. Rxd7 Rxb2 37. Rxc7 b5 38. Ra7 a4 39. Rb7 h5 40. Kf3 Rb3+ 41. Kf4 Kh6 42. f3 Rxa3 43. Rxb5 Rb3 44. Ra5 Rb4+ 45. Ke3 Kg6 46. Rg5+ Kh6 47. Ra5 g6 48. Ra7 Rb3+ 49. Kf4 a3 50. Ke4 Rc3 51. g4 hxg4 52. fxg4 Rh3 53. Kf4 g5+ 54. hxg5+ Kg6 55. Ra6+ Kg7 56. Kf5 Rf3+ 57. Ke4 Rg3 58. Kf4 Rb3 59. Kf5 Rf3+ 60. Ke4 Rh3 61. Kf5 Rf3+ 1/2-1/2


[Site "https://www.chess.com"]

[Event "Titled Tuesday Blitz October 31 Early 2023"]
[White "Tikhonov, Viacheslav"]
[Black "vaniavindy"]
[WhiteFideId "44196407"]
[WhiteElo "2471"]
[BlackElo "2174"]
[Result "1-0"]
[Round "2"]
[TimeControl "180+1"]
[Date "2023.10.31"]
[WhiteClock "0:00:52"]
[BlackClock "0:00:00"]
[Board "174"]

1. e4 c6 2. d4 d5 3. exd5 cxd5 4. Bd3 Nc6 5. c3 Nf6 6. h3 h6 7. Nf3 g6 8. O-O Bg7 9. Bf4 O-O 10. Re1 a6 11. a4 Be6 12. Qd2 Kh7 13. Bxg6+ fxg6 14. Rxe6 Ne4 15. Qe3 Rf6 16. Rxf6 exf6 17. Nbd2 f5 18. Ne5 g5 19. Nxc6 bxc6 20. Be5 Bxe5 21. dxe5 Qe7 22. Nxe4 dxe4 23. Rd1 Qxe5 24. Rd7+ Kg6 25. Qb6 Qe6 26. Qc7 Kh5 27. Rd6 1-0


[Site "https://www.chess.com"]

[Event "Titled Tuesday Blitz October 31 Early 2023"]
[White "knightinshiningarmour16"]
[Black "Devaev, Alexander"]
[BlackFideId "4169395"]
[WhiteElo "2164"]
[BlackElo "2468"]
[Result "1-0"]
[Round "2"]
[TimeControl "180+1"]
[Date "2023.10.31"]
[WhiteClock "0:00:19"]
[BlackClock "0:00:00"]
[Board "176"]

1. d4 Nf6 2. c4 e6 3. Nc3 Bb4 4. Nf3 c5 5. Qc2 Nc6 6. dxc5 Bxc5 7. Bg5 O-O 8. e3 Bb4 9. Bd3 h6 10. Bh4 Be7 11. a3 b6 12. O-O Bb7 13. Qe2 Rc8 14. Bc2 Na5 15. Bd3 Ba6 16. b4 Nxc4 17. b5 Na5 18. bxa6 Rxc3 19. Bb5 Nd5 20. Bg3 Rxa3 21. Rxa3 Bxa3 22. Qd3 Be7 23. Rd1 Nb4 24. Qxd7 Bf6 25. h3 Qc8 26. Qxa7 Qc2 27. Rf1 Qc5 28. Be2 Nb3 29. Rd1 Nc1 30. Bf1 Nca2 31. Bd6 Qc2 32. Bxf8 Qxd1 33. Qb8 Kh7 34. a7 1-0


[Site "https://www.chess.com"]

[Event "Titled Tuesday Blitz October 31 Early 2023"]
[White "LouieKov2022"]
[Black "Fernandez Hernandez, Gerardo"]
[BlackFideId "2207400"]
[WhiteElo "2467"]
[BlackElo "2157"]
[Result "1-0"]
[Round "2"]
[TimeControl "180+1"]
[Date "2023.10.31"]
[WhiteClock "0:01:19"]
[BlackClock "0:00:00"]
[Board "177"]

1. e4 e6 2. d4 d5 3. Nd2 h6 4. e5 c5 5. c3 Nc6 6. Ndf3 Nge7 7. Bd3 Qb6 8. Ne2 Bd7 9. h4 cxd4 10. cxd4 Nb4 11. Bb1 Bb5 12. Nc3 Nf5 13. a3 Nc6 14. Bxf5 exf5 15. Nxd5 Qa5+ 16. b4 Nxb4 17. axb4 Qxa1 18. Nc7+ Kd7 19. Nxb5 Bxb4+ 20. Bd2 Qa5 21. Nd6 Bxd2+ 22. Nxd2 f6 23. O-O fxe5 24. N2c4 Qd5 25. dxe5 Qxd1 26. Rxd1 Ke6 27. Nxb7 Rac8 28. Rd6+ Ke7 29. Nca5 Rc7 30. Nc6+ Kf7 31. Nbd8+ 1-0


[Site "https://www.chess.com"]

[Event "Titled Tuesday Blitz October 31 Early 2023"]
[White "Tarnowska, Aleksandra"]
[Black "Pinto, Daniel"]
[WhiteFideId "1180967"]
[BlackFideId "3303144"]
[WhiteElo "2144"]
[BlackElo "2467"]
[Result "1-0"]
[Round "2"]
[TimeControl "180+1"]
[Date "2023.10.31"]
[WhiteClock "0:00:09"]
[BlackClock "0:00:00"]
[Board "178"]

1. e4 e5 2. Nf3 Nc6 3. Bb5 Nf6 4. O-O Nxe4 5. Re1 Nd6 6. Nxe5 Nxe5 7. Rxe5+ Be7 8. Ba4 O-O 9. d4 Bf6 10. Re1 Nf5 11. c3 d5 12. Nd2 c6 13. Nf1 Qd6 14. Bc2 Bd7 15. Ng3 Nxg3 16. hxg3 Rfe8 17. Bf4 Rxe1+ 18. Qxe1 Qe6 19. Qd2 Re8 20. Qd3 g6 21. Kf1 a6 22. Bd2 c5 23. Re1 Qxe1+ 24. Bxe1 Bb5 25. dxc5 Bxd3+ 26. Bxd3 Rc8 27. b4 Bg5 28. f4 Bf6 29. g4 h6 30. g3 Kf8 31. Kf2 Ke7 32. Bd2 Rh8 33. a4 h5 34. g5 Bg7 35. Be2 h4 36. gxh4 Rxh4 37. Kg3 Rh8 38. Bf3 Rd8 39. Kg4 f6 40. gxf6+ Bxf6 41. f5 gxf5+ 42. Kxf5 Rd7 43. Kg6 d4 44. c4 d3 45. Bd5 a5 46. b5 Rc7 47. Bxa5 Rxc5 48. Bb4 Kd6 49. Bxc5+ Kxc5 50. Kxf6 d2 51. Bf3 Kxc4 52. Bd1 Kc3 53. Ke7 Kb2 54. Kd7 Kc1 55. Bf3 1-0


[Site "https://www.chess.com"]

[Event "Titled Tuesday Blitz October 31 Early 2023"]
[White "Feliz Dotel, Dewar Bienvenido"]
[Black "Taboas Rodriguez, Daniel"]
[WhiteFideId "6402801"]
[BlackFideId "2208466"]
[WhiteElo "2135"]
[BlackElo "2460"]
[Result "0-1"]
[Round "2"]
[TimeControl "180+1"]
[Date "2023.10.31"]
[WhiteClock "0:00:11"]
[BlackClock "0:00:43"]
[Board "179"]

1. d4 Nf6 2. e3 d5 3. Nf3 Bg4 4. h3 Bh5 5. g4 Bg6 6. Ne5 Nbd7 7. h4 h6 8. Nxg6 fxg6 9. Bd3 Kf7 10. Qf3 e5 11. Bxg6+ Kxg6 12. dxe5 Nxe5 13. Qf5+ Kf7 14. Qxe5 Bd6 15. Qf5 Qc8 16. Qxc8 Raxc8 17. f3 Rhe8 18. Nc3 d4 19. Nd1 dxe3 20. Bxe3 Nd5 21. Kd2 Nxe3 22. Nxe3 Bf4 23. Rae1 Rcd8+ 24. Kc3 Rxe3+ 25. Rxe3 Bxe3 26. Kb3 Re8 27. Rf1 Bf4 28. Rd1 Re3+ 29. c3 Rxf3 30. Rd7+ Kf8 31. g5 hxg5 32. hxg5 Rg3 33. Rd4 Bd6 34. Rd5 Ke7 35. Rf5 g6 36. Rb5 b6 37. Rd5 Ke6 38. Rd2 Rxg5 39. Re2+ Re5 40. Rg2 g5 41. a4 Kf5 42. Kc4 g4 43. b4 Re4+ 44. Kd5 g3 45. c4 Bf4 46. a5 bxa5 47. bxa5 Re1 48. Kc6 Ra1 49. Kb5 Kg4 50. c5 Kf3 51. Rc2 g2 52. Rxg2 Kxg2 53. c6 Kf3 54. Ka6 Ke4 55. Kxa7 Rxa5+ 56. Kb7 Rc5 57. Ka6 Rxc6+ 58. Kb7 Rb6+ 59. Ka7 Rb1 60. Ka6 c5 0-1


[Site "https://www.chess.com"]

[Event "Titled Tuesday Blitz October 31 Early 2023"]
[White "Molina Carretero, Daniel"]
[Black "Semenova, Alina"]
[WhiteFideId "32071914"]
[BlackFideId "24113875"]
[WhiteElo "2456"]
[BlackElo "2133"]
[Result "0-1"]
[Round "2"]
[TimeControl "180+1"]
[Date "2023.10.31"]
[WhiteClock "0:00:00"]
[BlackClock "0:00:24"]
[Board "180"]

1. c4 e6 2. g3 d5 3. Bg2 Nf6 4. Nf3 Be7 5. O-O O-O 6. d4 dxc4 7. Qc2 a6 8. a4 Bd7 9. Qxc4 Bc6 10. Bg5 Bd5 11. Qc2 Be4 12. Qd1 b6 13. Nc3 Bb7 14. Qd3 Nbd7 15. e4 h6 16. Bxf6 Nxf6 17. Rfd1 c5 18. d5 exd5 19. exd5 Bd6 20. Nd2 Re8 21. Nc4 Qc7 22. Re1 Rxe1+ 23. Rxe1 Rd8 24. h3 Bf8 25. d6 Qb8 26. Bxb7 Qxb7 27. Rd1 Qc6 28. Ne5 Qxd6 29. Qf5 Qe7 30. Re1 Qe6 31. Qxe6 fxe6 32. Kg2 Nd5 33. Ne4 Bd6 34. Nxd6 Rxd6 35. Nc4 Rc6 36. Kf3 Kf7 37. Ke4 Nf6+ 38. Ke5 Ke7 39. Rd1 Nd7+ 40. Ke4 b5 41. axb5 axb5 42. Ne3 Rd6 43. Ra1 Nf6+ 44. Kf3 Nd5 45. Ra5 Nxe3 46. Kxe3 Rb6 47. Ke4 Kf6 48. f4 c4 49. Kd4 Rd6+ 50. Ke4 Rd5 51. Ra6 Rd2 52. Ra2 c3 53. g4 Rxb2 0-1


[Site "https://www.chess.com"]

[Event "Titled Tuesday Blitz October 31 Early 2023"]
[White "Deuterio010"]
[Black "dontcatchmeifyoucant"]
[WhiteElo "2452"]
[BlackElo "2132"]
[Result "1-0"]
[Round "2"]
[TimeControl "180+1"]
[Date "2023.10.31"]
[WhiteClock "0:00:17"]
[BlackClock "0:00:00"]
[Board "181"]

1. e4 c6 2. Nf3 d5 3. Nc3 dxe4 4. Nxe4 Nf6 5. Qe2 Nxe4 6. Qxe4 Qd5 7. Qh4 Qe6+ 8. Be2 Qg6 9. O-O Qxc2 10. b3 e6 11. Nd4 Qg6 12. Bb2 Be7 13. Qh3 O-O 14. Bd3 f5 15. Qe3 Bg5 16. f4 Bf6 17. Rab1 Rd8 18. Nf3 Bxb2 19. Rxb2 Nd7 20. Bc4 Nb6 21. Rbb1 Nd5 22. Bxd5 exd5 23. Rbe1 Bd7 24. d4 Re8 25. Ne5 Qd6 26. Qc3 Re7 27. Rc1 a5 28. Rf3 h6 29. Rg3 Kh7 30. Qf3 Qa3 31. Rc2 Qb4 32. Qf2 a4 33. Re2 axb3 34. Rxb3 Qa4 35. Rxb7 Qd1+ 36. Re1 Qh5 37. Rxd7 Rae8 38. Rxe7 Rxe7 39. Nxc6 Rxe1+ 40. Qxe1 Qg6 41. Ne5 Qb6 42. Nf3 Qd6 43. g3 Qa3 44. Qf2 Qc1+ 45. Kg2 Qc4 46. a3 Qb3 47. Ne5 Qxa3 48. h3 Qc3 49. h4 h5 50. Qf3 1-0


[Site "https://www.chess.com"]

[Event "Titled Tuesday Blitz October 31 Early 2023"]
[White "Mindhunter08"]
[Black "Souza, Gustavo Horokoski De"]
[BlackFideId "2146584"]
[WhiteElo "2449"]
[BlackElo "2126"]
[Result "0-1"]
[Round "2"]
[TimeControl "180+1"]
[Date "2023.10.31"]
[WhiteClock "0:00:02"]
[BlackClock "0:00:02"]
[Board "183"]

1. e4 e6 2. d4 d5 3. Nc3 Nf6 4. e5 Nfd7 5. f4 c5 6. Nf3 Nc6 7. Be3 a6 8. Qd2 b5 9. dxc5 Bxc5 10. Bd3 Qb6 11. Bf2 h6 12. O-O O-O 13. Qe2 f6 14. exf6 Nxf6 15. g3 Bd7 16. Bxc5 Qxc5+ 17. Qf2 Qd6 18. Rfe1 Nb4 19. Ne5 Nxd3 20. cxd3 Be8 21. Qd4 Bh5 22. a3 Ng4 23. Rac1 Rac8 24. h3 Nxe5 25. Rxe5 Bf7 26. Rce1 Rc7 27. R5e2 Rfc8 28. h4 Qc6 29. Re5 a5 30. f5 exf5 31. Rxf5 b4 32. axb4 axb4 33. Qxb4 Rb7 34. Qf4 Bg6 35. Rxd5 Rxb2 36. Rc1 Qb6+ 37. Qd4 Qxd4+ 38. Rxd4 Rb3 39. Rc4 Rf8 40. d4 Rb2 41. Nd5 Rff2 42. Nf4 Be4 43. Rc8+ Kh7 44. R8c7 Rh2 45. Ng2 Rbxg2+ 46. Kf1 Rh1# 0-1


[Site "https://www.chess.com"]

[Event "Titled Tuesday Blitz October 31 Early 2023"]
[White "Guevara Sanchez, Erick Marvin"]
[Black "Novikova, Galina"]
[WhiteFideId "6700136"]
[BlackFideId "4157095"]
[WhiteElo "2119"]
[BlackElo "2448"]
[Result "1-0"]
[Round "2"]
[TimeControl "180+1"]
[Date "2023.10.31"]
[WhiteClock "0:01:06"]
[BlackClock "0:00:00"]
[Board "184"]

1. e4 e6 2. d4 d5 3. Nc3 Bb4 4. e5 c5 5. a3 Bxc3+ 6. bxc3 Ne7 7. a4 Qa5 8. Bd2 Qc7 9. Nf3 b6 10. Bd3 Ba6 11. Bxa6 Nxa6 12. O-O h6 13. Bc1 Rc8 14. Qd3 Nb8 15. Ba3 Nd7 16. Rfc1 O-O 17. h4 Rfe8 18. Qe3 cxd4 19. cxd4 Nf5 20. Qb3 Qc3 21. Qxc3 Rxc3 22. Bb4 Rc4 23. c3 Rec8 24. Nd2 R4c6 25. a5 Nxh4 26. axb6 axb6 27. Ra7 R6c7 28. Rca1 Nf5 29. Kf1 h5 30. Ke2 Kh7 31. Nf3 f6 32. Kd2 fxe5 33. Ng5+ Kg6 34. Nxe6 Rxa7 35. Rxa7 Rc6 36. Rxd7 Rxe6 37. Rxd5 exd4 38. cxd4 Re8 39. Kd3 Ra8 40. Ke4 Nh6 41. Rd6+ Kh7 42. Rxb6 Ra2 43. Kf3 Ng4 44. Be1 Ra1 45. Bc3 Rc1 46. Rb3 Rc2 47. Be1 Rc1 48. Bd2 Rc2 49. Be3 Kg6 50. Rb6+ Kf5 51. Rb5+ Kg6 52. Rg5+ Kf6 53. Rxh5 1-0


[Site "https://www.chess.com"]

[Event "Titled Tuesday Blitz October 31 Early 2023"]
[White "Korsunsky, Yuri"]
[Black "Elbebiber"]
[WhiteFideId "14102722"]
[WhiteElo "2447"]
[BlackElo "2117"]
[Result "1/2-1/2"]
[Round "2"]
[TimeControl "180+1"]
[Date "2023.10.31"]
[WhiteClock "0:00:03"]
[BlackClock "0:00:04"]
[Board "185"]

1. e4 d5 2. exd5 Nf6 3. c4 e6 4. dxe6 Bxe6 5. Nc3 Nc6 6. Nf3 Bc5 7. Be2 Qd7 8. O-O O-O-O 9. d3 Bf5 10. Bg5 Bxd3 11. Bxd3 Qxd3 12. Qxd3 Rxd3 13. Bxf6 gxf6 14. Rad1 Rhd8 15. Rxd3 Rxd3 16. Rd1 Rxd1+ 17. Nxd1 Ne5 18. Nd2 Bd4 19. b3 Nd3 20. Kf1 c5 21. g3 Kd7 22. a3 Ke6 23. Ke2 Ne5 24. f4 Nc6 25. Kd3 f5 26. Ne3 Bxe3 27. Kxe3 Nd4 28. Kd3 b6 29. b4 Kd6 30. b5 Ke6 31. a4 Kd6 32. Nf1 Nf3 33. h3 Nd4 34. Ne3 Ke6 35. Nd5 h5 36. Ne3 Nb3 37. Nc2 Kd6 38. Kc3 Nc1 39. Kd2 Nb3+ 40. Ke2 Nc1+ 41. Ke3 Nb3 42. Ne1 Nd4 43. Kd3 Ke6 44. Nc2 Nb3 45. Ne3 Nd4 46. Nd1 Nb3 47. Nc3 Nd4 48. Nd1 Nb3 49. Ne3 Nd4 50. Nd5 Nb3 51. Kc3 Nd4 52. Kd3 Nb3 53. Ne3 1/2-1/2


[Site "https://www.chess.com"]

[Event "Titled Tuesday Blitz October 31 Early 2023"]
[White "Baruch, Liam"]
[Black "Liu, Casper"]
[WhiteFideId "14322064"]
[BlackFideId "1454153"]
[WhiteElo "2112"]
[BlackElo "2445"]
[Result "0-1"]
[Round "2"]
[TimeControl "180+1"]
[Date "2023.10.31"]
[WhiteClock "0:00:46"]
[BlackClock "0:00:13"]
[Board "186"]

1. e4 c5 2. Nf3 d6 3. d4 Nf6 4. dxc5 Nxe4 5. cxd6 Qxd6 6. Qxd6 Nxd6 7. Nc3 g6 8. Nd5 Kd8 9. c4 Be6 10. Bg5 Nc6 11. O-O-O Rc8 12. Nxe7 Nxe7 13. Rxd6+ Ke8 14. Bf6 Rg8 15. b3 Nd5 16. Rxd5 Bxd5 17. Bd3 Bg7 18. Re1+ Be6 19. Bh4 b5 20. Kb1 Bc3 21. Re2 bxc4 22. Bxc4 Kd7 23. Bb5+ Kc7 24. Bg3+ Kb6 25. Bd3 Rgd8 26. Bc2 Bf6 27. Bf4 Bf5 28. Be3+ Kb7 29. Bxf5 Rd1+ 30. Bc1 Rcxc1# 0-1


[Site "https://www.chess.com"]

[Event "Titled Tuesday Blitz October 31 Early 2023"]
[White "Buchenau, Frank"]
[Black "Andreassen, Lars"]
[WhiteFideId "4604350"]
[BlackFideId "1504878"]
[WhiteElo "2445"]
[BlackElo "2112"]
[Result "1-0"]
[Round "2"]
[TimeControl "180+1"]
[Date "2023.10.31"]
[WhiteClock "0:00:09"]
[BlackClock "0:00:00"]
[Board "187"]

1. e4 d6 2. d4 Nf6 3. Nc3 e5 4. dxe5 dxe5 5. Qxd8+ Kxd8 6. Bc4 Be6 7. Bxe6 fxe6 8. f3 Bd6 9. Nh3 Ke7 10. Nf2 a6 11. Ncd1 Nc6 12. Ne3 b5 13. b3 a5 14. a4 b4 15. Bb2 h6 16. Nc4 Nd7 17. O-O-O Rad8 18. Nd3 Nd4 19. Bxd4 exd4 20. e5 Bc5 21. Nxa5 Ra8 22. Nc6+ Kf7 23. Ncxb4 Bxb4 24. Nxb4 c5 25. Nd3 c4 26. Nb2 cxb3 27. cxb3 Rhc8+ 28. Kb1 Rab8 29. Rxd4 Nxe5 30. b4 Rc3 31. Re1 Nc6 32. Rf4+ Ke7 33. b5 Na5 34. Rfe4 Rb6 35. R1e3 Rc5 36. Nd3 Rc3 37. Nf4 Rxe3 38. Rxe3 Kf6 39. Kc2 Nc4 40. Re4 Na3+ 41. Kb3 Nb1 42. Kb4 Nd2 43. Rd4 Nf1 44. a5 Rb8 45. Re4 e5 46. Nd3 Nd2 47. Rxe5 Rd8 48. Re3 Nf1 49. Re2 Rxd3 50. b6 Rd1 51. Rb2 Ne3 52. b7 Rd4+ 53. Kc5 Rc4+ 54. Kd6 Rd4+ 55. Kc7 Nd5+ 56. Kb8 Ra4 57. Rb5 1-0


[Site "https://www.chess.com"]

[Event "Titled Tuesday Blitz October 31 Early 2023"]
[White "MMAHDI2013"]
[Black "Lorenzo De La Riva, Lazaro"]
[BlackFideId "2268809"]
[WhiteElo "2445"]
[BlackElo "2104"]
[Result "1-0"]
[Round "2"]
[TimeControl "180+1"]
[Date "2023.10.31"]
[WhiteClock "0:00:10"]
[BlackClock "0:00:00"]
[Board "188"]

1. c4 e5 2. Nc3 Nf6 3. Nf3 e4 4. Ng5 c6 5. Qa4 Qe7 6. Qc2 d5 7. cxd5 Bf5 8. d6 Qe5 9. Qb3 Nbd7 10. Nxf7 Qc5 11. Nxh8 O-O-O 12. Na4 Qa5 13. Nc3 Nc5 14. Qa3 Qb6 15. Na4 Nxa4 16. Qxa4 Bxd6 17. Nf7 Bc5 18. Nxd8 Bxf2+ 19. Kd1 Nd5 20. Qb3 Qxd8 21. Kc2 e3+ 22. d3 a5 23. a3 Qd6 24. Qc4 Be6 25. Qa4 Qc5+ 26. Kb1 Qb6 27. Qc2 a4 28. Ra2 Kb8 29. Ka1 Nc7 30. g3 Na6 31. Bg2 Bxa2 32. Kxa2 Qb5 33. Qc4 Qb6 34. Qxa4 Nc5 35. Qb4 Qa7 36. d4 Nd7 37. Bxc6 Nb6 38. Bg2 Qa6 39. Qf8+ Ka7 40. Qb4 Qxe2 41. Bxe3 Bxe3 42. Bh3 Qc4+ 43. Qxc4 Nxc4 44. Be6 Nd6 45. d5 Nb5 46. Rf1 Bc5 47. Rf7 Bd4 48. Bf5 Nd6 49. Rf8 Nxf5 50. Rxf5 Bf6 51. g4 h6 52. h4 Bxh4 53. d6 Kb6 54. Rf7 Bf6 55. d7 Kc7 56. Kb3 b5 57. a4 bxa4+ 58. Kxa4 Be5 59. b4 Bd4 60. b5 g5 61. Kb4 1-0


[Site "https://www.chess.com"]

[Event "Titled Tuesday Blitz October 31 Early 2023"]
[White "Rios Escobar, Adan"]
[Black "Levine, David"]
[WhiteFideId "3403645"]
[BlackFideId "2011611"]
[WhiteElo "2444"]
[BlackElo "2061"]
[Result "1-0"]
[Round "2"]
[TimeControl "180+1"]
[Date "2023.10.31"]
[WhiteClock "0:00:25"]
[BlackClock "0:00:12"]
[Board "189"]

1. d4 d5 2. g3 Nf6 3. Nf3 e6 4. c4 Be7 5. Bg2 O-O 6. O-O dxc4 7. Qc2 b5 8. a4 Bb7 9. axb5 a6 10. bxa6 Nxa6 11. Qxc4 Bd5 12. Qc3 c5 13. Qe1 Nb4 14. Rxa8 Qxa8 15. Nc3 Bb7 16. dxc5 Bxc5 17. Bg5 Nbd5 18. Qb1 Rb8 19. Nxd5 Bxd5 20. Qc2 Rc8 21. Qb1 Rb8 22. Bf4 Be4 23. Qc1 Rc8 24. Qd2 Nd5 25. Be5 f6 26. Bd4 Bf8 27. h4 e5 28. Bc3 Nxc3 29. bxc3 Qc6 30. Rc1 Ba3 31. Qa2+ Bd5 32. Qxa3 e4 33. Nd4 1-0


[Site "https://www.chess.com"]

[Event "Titled Tuesday Blitz October 31 Early 2023"]
[White "Castillo Pena, Patricia Evarista"]
[Black "Rosh Jain"]
[WhiteFideId "6412106"]
[BlackFideId "25789465"]
[WhiteElo "2055"]
[BlackElo "2442"]
[Result "0-1"]
[Round "2"]
[TimeControl "180+1"]
[Date "2023.10.31"]
[WhiteClock "0:00:00"]
[BlackClock "0:00:20"]
[Board "190"]

1. d4 Nf6 2. Nf3 e6 3. e3 d5 4. Bd3 Bd6 5. O-O O-O 6. b3 b6 7. Bb2 Bb7 8. Nbd2 c5 9. Qe2 Nc6 10. a3 Qe7 11. Ne5 Rac8 12. f4 Rfd8 13. Rf3 g6 14. Rh3 Ne8 15. dxc5 bxc5 16. Rxh7 Bxe5 17. fxe5 Kxh7 18. Qh5+ Kg7 19. Qg4 Nc7 20. Nf3 Rh8 21. Ng5 Rh5 22. h4 Rch8 23. g3 Rxg5 24. hxg5 Rh5 25. Rf1 Rxg5 26. Qf3 Nxe5 27. Bxe5+ Rxe5 28. Qf4 Rh5 29. g4 Rh4 30. Qg3 Qg5 31. Rf4 e5 32. Rf5 gxf5 33. Qxe5+ Qf6 34. Qxc7 Rxg4+ 35. Kf1 d4 36. Qxb7 dxe3 37. Qf3 Qe5 38. Bxf5 Rf4 0-1


[Site "https://www.chess.com"]

[Event "Titled Tuesday Blitz October 31 Early 2023"]
[White "Juicy_Fork"]
[Black "leonidsh29"]
[WhiteElo "2441"]
[BlackElo "2052"]
[Result "1-0"]
[Round "2"]
[TimeControl "180+1"]
[Date "2023.10.31"]
[WhiteClock "0:00:25"]
[BlackClock "0:00:00"]
[Board "191"]

1. e4 c5 2. Nf3 a6 3. c3 d6 4. d4 Nf6 5. Bd3 Nc6 6. O-O Bg4 7. Be3 e6 8. h3 Bh5 9. Re1 Be7 10. Nbd2 O-O 11. Nf1 Qc7 12. Ng3 Bg6 13. d5 Ne5 14. Nxe5 dxe5 15. c4 exd5 16. cxd5 Bd6 17. Rc1 Qd8 18. Bxc5 Bxc5 19. Rxc5 Qb6 20. Qc2 Ne8 21. a4 Nd6 22. a5 Qd8 23. b4 f6 24. Rc7 Rc8 25. Rc1 Rxc7 26. Qxc7 Qxc7 27. Rxc7 Rd8 28. Kf1 Be8 29. Ke2 Rc8 30. Rxc8 Nxc8 31. Nf5 Bd7 32. Ne3 Kf8 33. Nc4 Ke7 34. g4 Bb5 35. Ne3 Bd7 36. Nc4 Bb5 37. Na3 Bd7 38. b5 axb5 39. Bxb5 Kd6 40. Nc4+ Kc7 41. Bxd7 Kxd7 42. Kd3 Na7 43. Nb6+ Kd6 44. Kc4 Kc7 45. Kc5 Kd8 46. d6 Nc6 47. a6 1-0


[Site "https://www.chess.com"]

[Event "Titled Tuesday Blitz October 31 Early 2023"]
[White "Tsyhanchuk, Stanislav"]
[Black "spiritof_stlouis"]
[WhiteFideId "13505130"]
[WhiteElo "2434"]
[BlackElo "2043"]
[Result "0-1"]
[Round "2"]
[TimeControl "180+1"]
[Date "2023.10.31"]
[WhiteClock "0:00:00"]
[BlackClock "0:00:41"]
[Board "192"]

1. d4 Nf6 2. c4 c5 3. d5 e6 4. Nc3 exd5 5. cxd5 d6 6. e4 g6 7. f4 Bg7 8. Bb5+ Bd7 9. e5 Qe7 10. Nf3 O-O 11. O-O dxe5 12. fxe5 Ng4 13. Bg5 Qe8 14. Bxd7 Nxd7 15. Ne4 Ngxe5 16. Nd6 Nxf3+ 17. Qxf3 Qe5 18. Nxf7 Qd4+ 19. Kh1 Ne5 20. Nxe5 Rxf3 21. Nxf3 Qxd5 22. Rad1 Qc6 23. Rfe1 Rf8 24. Kg1 h6 25. Be7 Re8 26. Rd6 Qc7 27. Rde6 Kh7 28. Nh4 g5 29. Nf5 Qd7 30. Nxg7 Kxg7 31. Bf6+ Kf7 32. Rxe8 Kxf6 33. R8e2 Qd4+ 34. Rf2+ Kg6 35. g3 h5 36. Kg2 Qd5+ 37. Kg1 h4 38. gxh4 gxh4 39. Re3 Qd1+ 40. Kg2 Qg4+ 41. Kf1 Qd1+ 42. Kg2 Qd5+ 43. Ref3 b5 44. Kh3 Kg5 0-1


[Site "https://www.chess.com"]

[Event "Titled Tuesday Blitz October 31 Early 2023"]
[White "Sailer, Mike"]
[Black "Kostiukov, Alexandr"]
[WhiteFideId "2012901"]
[BlackFideId "14108100"]
[WhiteElo "2040"]
[BlackElo "2431"]
[Result "0-1"]
[Round "2"]
[TimeControl "180+1"]
[Date "2023.10.31"]
[WhiteClock "0:00:00"]
[BlackClock "0:00:26"]
[Board "193"]

1. d4 g6 2. Bf4 Bg7 3. e3 d5 4. Nf3 Nf6 5. c4 O-O 6. Nc3 c5 7. dxc5 Qa5 8. cxd5 Nxd5 9. Rc1 Nxc3 10. bxc3 Bxc3+ 11. Ke2 Rd8 12. Nd4 Qxa2+ 13. Qc2 Qc4+ 14. Kf3 Qd5+ 15. Kg3 Bxd4 16. exd4 Nc6 17. Bc4 Qxd4 18. Rhd1 Qf6 19. Rxd8+ Nxd8 20. Bc7 Qg5+ 21. Kf3 Bg4+ 0-1


[Site "https://www.chess.com"]